 Dungeon Crawl Stone Soup version 0.29.1-1-gd02db6906a (webtiles) character file.

Game seed: 6300494474106284494

145 LabCoat the Trooper (level 5, -3/47 HPs)
             Began as a Hill Orc Fighter on Oct 19, 2022.
             Slain by a gnoll
             ... wielding a +0 halberd
              (8 damage)
             ... on level 3 of the Dungeon.
             The game lasted 00:03:45 (2505 turns).

LabCoat the Trooper (Hill Orc Fighter)              Turns: 2505, Time: 00:03:45

Health: -3/47      AC: 10    Str: 21    XL:     5   Next: 27%
Magic:  5/5        EV:  7    Int:  8    God:
Gold:   102        SH:  4    Dex: 10    Spells: 4/4 levels left

rFire   . . .      SeeInvis .   a - +0 war axe
rCold   . . .      Faith    .   c - +0 buckler
rNeg    . . .      Spirit   .   l - +0 chain mail
rPois   .          Reflect  .   (no helmet)
rElec   .          Harm     .   (no cloak)
rCorr   .          Rampage  .   g - +0 pair of gloves
Will    .....                   (no boots)
Stlth   ..........              (no amulet)
HPRegen 0.15/turn               (no ring)
MPRegen 0.09/turn               (no ring)

@: mighty
A: no striking features
a: no special abilities


You were on level 3 of the Dungeon.
You visited 1 branch of the dungeon, and saw 3 of its levels.

You collected 102 gold pieces.

Inventory:

Hand Weapons
 a - a +0 war axe (weapon)
 m - a +0 flail
Missiles
 e - 8 poisoned darts
 h - 7 boomerangs (quivered)
Armour
 c - a +0 buckler (worn)
 g - a +0 pair of gloves (worn)
 l - a +0 chain mail (worn)
Jewellery
 f - an amulet of reflection
 k - a +6 ring of intelligence
Scrolls
 b - a scroll of teleportation
 i - a scroll of enchant armour
 n - a scroll of butterflies
Potions
 d - 3 potions of might
 j - 2 potions of curing


   Skills:
 * Level 4.5 Fighting
 * Level 3.9 Axes
 + Level 1.2 Throwing
 + Level 3.7 Armour
 + Level 1.1 Dodging
 + Level 3.7 Shields
 + Level 1.2 Evocations


You had 4 spell levels left.
You didn't know any spells.
Your spell library contained the following spells:

 Spells                   Type           Power      Damage    Failure   Level
 Slow                     Hex            0%         N/A       99%         1
 Confusing Touch          Hex            0%         N/A       100%        3
 Vampiric Draining        Necr           0%         2d6       100%        3


Dungeon Overview and Level Annotations

Branches:
Dungeon (3/15)

Altars:
Cheibriados


Message History

You slash something!
Reactivating autopickup.
You feel a bit more experienced.
You have reached level 5!
You feel stronger.
You slash the gnoll!
The gnoll is almost dead.
The gnoll hits you with a +0 whip. The gnoll barely misses you.
You block the gnoll's attack.
You slash the gnoll!
You kill the gnoll!
You hit the orc.
The orc is severely wounded.
The orc hits you but does no damage. The gnoll hits you but does no damage.
You slice the orc!!
You kill the orc!
The gnoll hits you from afar with a +0 halberd.
The orc closely misses you.
You hit the orc.
The orc is heavily wounded.
The orc hits you but does no damage. You block the gnoll's attack.
You barely miss the orc.
The orc is heavily wounded.
The orc hits you with a +0 hand axe. The gnoll hits you but does no damage.
You block the gnoll's attack. You block the orc's attack.
You slash the orc!
You kill the orc!
You block the gnoll's attack.
You closely miss the gnoll. The gnoll barely misses you.
The gnoll hits you but does no damage.
You slash the gnoll!
The gnoll is severely wounded.
The gnoll hits you but does no damage.
The gnoll hits you from afar with a +0 halberd!
* * * LOW HITPOINT WARNING * * *
The gnoll hits you with a +0 whip.
* * * LOW HITPOINT WARNING * * *
The gnoll hits you but does no damage.
The gnoll hits you from afar with a +0 halberd!
You die...

#.....#........>..
#.....#.......#### .
#.....#...(...#### ..
#.....#....##..... ...
#######....++..... ....
######....##..... .....
#....#...........
.<...g##.##.#.......≈≈≈≈
.....og@..#.#..........§
.....g##..#.#.......####
##+## #..#.#.#######
.#######...........
............#######
.#####..##### .....#
###...# #...#


You could see 3 gnolls and an orc.

Vanquished Creatures
  An orc priest (D:3)
  An orc wizard (D:3)
  A gnoll (D:3)
  A worm (D:2)
  3 dart slugs
  7 orcs
  5 endoplasms
  A giant cockroach (D:2)
  7 goblins
  5 hobgoblins
  9 jackals
  6 kobolds
  2 quokkas (D:1)
  3 ball pythons (D:1)
  3 bats
  2 frilled lizards
  4 rats
61 creatures vanquished.

Vanquished Creatures (others)
  4 fungi (D:1)
  4 plants (D:1)
8 creatures vanquished.

Grand Total: 69 creatures vanquished

Notes
Turn   | Place    | Note
-------+----------+-------------------------------------------
     0 | D:1      | LabCoat the Hill Orc Fighter began the quest for the Orb.
     0 | D:1      | Reached XP level 1. HP: 19/19 MP: 1/1
   203 | D:1      | Reached XP level 2. HP: 20/27 MP: 2/2
   623 | D:1      | Found a faded altar of an unknown god.
   722 | D:1      | Reached XP level 3. HP: 33/33 MP: 3/3
  1068 | D:1      | Reached skill level 4 in Fighting
  1660 | D:2      | Identified the +3 leather armour of Tethrism {rC+ Dex+7}
  1775 | D:2      | Reached XP level 4. HP: 33/40 MP: 4/4
  1881 | D:2      | Reached skill level 1 in Throwing
  2143 | D:3      | Found a snail-covered altar of Cheibriados.
  2216 | D:3      | Reached skill level 1 in Evocations
  2490 | D:3      | Reached skill level 1 in Dodging
  2497 | D:3      | Reached XP level 5. HP: 27/47 MP: 5/5
  2505 | D:3      | Slain by a gnoll

Illustrated notes

Levels and vault maps discovered:
D:1:      lightli_arrival_statue_moat, layout_basic,
          shapermc_ecumenical_altar_mp_urbaneastern, hangedman_decor_riveting
D:2:      layout_basic, kennysheep_generic_room_11
D:3:      layout_basic, mainiacjoe_overflow_concentric_impassable,
          mainiacjoe_overflow_boulevard, st_stairs_8, goddamned_bats

Skill      XL: |  1  2  3  4 |
---------------+-------------+-----
Axes           | 3 |  3.9
Fighting       | 4 |  4.5
Throwing       | 1 |  1.2
Evocations     | 1 |  1.2
Dodging        | 1 |  1.1
Armour         | |  3.7
Shields        | |  3.7

Action                   |  1- 3 |  4- 6 || total
-------------------------+-------+-------++-------
Melee: War axe           |    89 |    42 ||   131
Throw: Boomerang         |    12 |     1 ||    13
  Use: Scroll            |     3 |     1 ||     4
       Potion            |       |     1 ||     1
Armor: Scale mail        |    28 |       ||    28
       Chain mail        |    14 |    24 ||    38
Dodge: Dodged            |    43 |    21 ||    64
Block: Buckler           |    10 |    15 ||    25
